 Dungeon Crawl Stone Soup version 0.29-a0-559-g359e09b9d1 (webtiles) character file.

Game seed: 7626534307088935437

33 spaghetti the Quickloader (level 3, -2/31 HPs)
             Began as a Gnoll Wanderer on June 9, 2022.
             Slain by Sigmund
             ... wielding a +0 scythe
              (9 damage)
             ... on level 2 of the Dungeon.
             The game lasted 00:01:27 (1129 turns).

spaghetti the Quickloader (Gnoll Wanderer)          Turns: 1129, Time: 00:01:28

Health: -2/31      AC:  3    Str: 11    XL:     3   Next: 29%
Magic:  4/4        EV: 11    Int:  8    God:
Gold:   56         SH:  0    Dex: 16    Spells: 3/3 levels left

rFire   + . .      SeeInvis .   a - +1 hand crossbow (vorpal) {crossbow}
rCold   + . .      Faith    .   (no shield)
rNeg    . . .      Spirit   .   d - +0 leather armour
rPois   +          Reflect  .   (no helmet)
rElec   +          Harm     .   (no cloak)
rCorr   +          Rampage  .   (no gloves)
Will    .....                   (no boots)
Stlth   +.........              (no amulet)
HPRegen 0.10/turn               (no ring)
MPRegen 0.09/turn               (no ring)

@: resistant
A: fangs 1, strong nose, distributed training
a: no special abilities


You were on level 2 of the Dungeon.
You visited 1 branch of the dungeon, and saw 2 of its levels.

You collected 56 gold pieces.


Innate Abilities, Weirdness & Mutations

You have very sharp teeth.
Your uncanny sense of smell can sniff out nearby items.
Your experience applies equally to all skills.


   Skills:
 + Level 4.5 Fighting
 + Level 0.7 Short Blades
 + Level 0.7 Long Blades
 + Level 4.5 Axes
 + Level 0.7 Maces & Flails
 + Level 0.7 Polearms
 + Level 0.7 Staves
 + Level 0.7 Slings
 + Level 0.7 Bows
 + Level 10.4 Crossbows
 + Level 0.7 Throwing
 + Level 2.6 Armour
 + Level 0.7 Dodging
 + Level 0.7 Stealth
 + Level 0.7 Shields
 + Level 0.7 Unarmed Combat
 + Level 0.7 Spellcasting
 + Level 0.5 Conjurations
 + Level 0.5 Hexes
 + Level 0.5 Summonings
 + Level 0.5 Necromancy
 + Level 0.5 Translocations
 + Level 0.5 Transmutations
 + Level 0.5 Fire Magic
 + Level 0.5 Ice Magic
 + Level 0.5 Air Magic
 + Level 0.5 Earth Magic
 + Level 0.5 Poison Magic
 + Level 0.9 Invocations
 + Level 0.7 Evocations


You had 3 spell levels left.
You didn't know any spells.
Your spell library contained the following spells:

 Spells                   Type           Power      Damage    Failure   Level
 Blink                    Tloc           2%         N/A       54%         2
 Lesser Beckoning         Tloc           1%         N/A       78%         3
 Manifold Assault         Tloc           1%         N/A       100%        5

Inventory:

Hand Weapons
 a - a +1 vorpal hand crossbow (weapon) {crossbow}
 b - a +1 dagger of venom {short}
   (You took it off a kobold on level 1 of the Dungeon)
 f - a +0 hand axe {axe}
Missiles
 g - 72 stones {throwing}
 h - 6 poisoned darts {throwing}
Armour
 d - a +0 leather armour (worn)
Jewellery
 e - a ring of see invisible
   (You found it on level 1 of the Dungeon)
Scrolls
 c - a scroll of summoning
 i - 6 scrolls of identify {@r1}
 l - a scroll of teleportation {@r4}
 n - a scroll of vulnerability {unknown}
 o - a scroll of noise {unknown}
 p - a scroll of brand weapon {unknown}
Potions
 q - a potion of heal wounds {unknown}

Dungeon Overview and Level Annotations

Branches:
Dungeon (2/15)

Altars:

Annotations:
D:2 Sigmund

#.#.# #.#.# #
.########.#.# #.
.........†#.### ###.#
.#######......# ......
#......# ......#######
#......#
..>.........###......###
.....{B@......'.........
.)....######.##.......##
..... #..#.......# ....
##.#.......# ...
.####.##.## ..
.####...... . .
.......#.## ..
......^#.## ..
..........


You could see a giant cockroach.


Message History

A frilled lizard comes into view.
A frilled lizard is nearby!
A frilled lizard is nearby!
A frilled lizard is nearby!
A frilled lizard is nearby!
You shoot a bolt.
The bolt barely misses the frilled lizard.
You shoot a bolt. The bolt misses the frilled lizard.
You shoot a bolt. The bolt hits the frilled lizard!
You kill the frilled lizard!
No target in view!
No target in view!
No target in view!
No target in view!
No target in view!
No target in view!
No target in view!
No target in view!
No target in view!
No target in view!
No target in view!
You see here a worm corpse.
You open the door.
There is an open door here.
Key pressed, stopping explore.
Found a stone staircase leading down. 😎 MP[+1]
Your mp is fully restored (4).
Sigmund the Dreaded comes into view.
He is wielding a +0 scythe.
You see here 13 gold pieces.
You shoot a bolt.
The bolt hits Sigmund but does no damage.
Sigmund shouts!
Sigmund points at you and mumbles some strange words.
You are confused.
You are too confused!
Non-targeted confused shoot: a) +1 hand crossbow (vorpal) {crossbow}
Press: ? - help, Q - select action, (/) - cycle Dir - look around, f - activate You shoot a bolt.
Non-targeted confused shoot: a) +1 hand crossbow (vorpal) {crossbow}
Press: ? - help, Q - select action, (/) - cycle Dir - look around, f - activate You shoot a bolt.
Non-targeted confused shoot: a) +1 hand crossbow (vorpal) {crossbow}
Press: ? - help, Q - select action, (/) - cycle Dir - look around, f - activate You shoot a bolt.
Non-targeted confused shoot: a) +1 hand crossbow (vorpal) {crossbow}
Press: ? - help, Q - select action, (/) - cycle Dir - look around, f - activate You shoot a bolt.
A giant cockroach comes into view.
Non-targeted confused shoot: a) +1 hand crossbow (vorpal) {crossbow}
Press: ? - help, Q - select action, (/) - cycle Dir - look around, f - activate You shoot a bolt.
You feel less confused.
There are monsters nearby!
There are monsters nearby!
There are monsters nearby!
Shoot: a) +1 hand crossbow (vorpal) {crossbow}
Press: ? - help, Q - select action, (/) - cycle Shift-Dir - straight line, f - Sigmund
Aim: Sigmund, wielding a +0 scythe and wearing a +0 robe (66% to hit)
You shoot a bolt. The bolt hits Sigmund!
Shoot: a) +1 hand crossbow (vorpal) {crossbow}
Press: ? - help, Q - select action, (/) - cycle Shift-Dir - straight line, f/p - Sigmund
Aim: Sigmund, wielding a +0 scythe and wearing a +0 robe (moderately wounded, 66% to hit)
You shoot a bolt. The bolt closely misses Sigmund.
Sigmund points at you and mumbles some strange words.
The magic dart hits you! 😮 HP[-9]
You take 9 damage, and now have 22/31 hp.
MASSIVE DAMAGE!! (PAUSE) Shoot: a) +1 hand crossbow (vorpal) {crossbow}
Press: ? - help, Q - select action, (/) - cycle Shift-Dir - straight line, f/p - Sigmund
Aim: Sigmund, wielding a +0 scythe and wearing a +0 robe (moderately wounded, 66% to hit)
You shoot a bolt. The bolt hits Sigmund!
Sigmund gestures wildly while chanting.
Sigmund flickers and vanishes!
Deactivating autopickup; reactivate with Ctrl-A.
Shoot: a) +1 hand crossbow (vorpal) {crossbow}
Press: ? - help, Q - select action, (/) - cycle Shift-Dir - straight line, f - giant cockroach
Aim: a giant cockroach (69% to hit)
You shoot a bolt. The bolt hits the giant cockroach.
The giant cockroach closely misses you. Something hits you!
* * * LOW HITPOINT WARNING * * *
The giant cockroach misses you. 😨 HP[-11]
You take 11 damage, and now have 11/31 hp.
MASSIVE DAMAGE!! (PAUSE) It was a potion of magic.
Magic courses through your body. The giant cockroach barely misses you.
Something hits you.
* * * LOW HITPOINT WARNING * * *
😨 HP[-2]
You take 2 damage, and now have 9/31 hp.
It was a potion of cancellation.
You feel magically purged. The giant cockroach bites you.
* * * LOW HITPOINT WARNING * * *
😱 HP[-2]
You take 2 damage, and now have 7/31 hp.
It was a potion of resistance.
You feel protected. Something hits you!
You die...

Skill      XL: | |
---------------+-+-----
Crossbows      | | 10.4
Fighting       | |  4.5
Short Blades   | |  0.7
Long Blades    | |  0.7
Axes           | |  4.5
Maces & Flails | |  0.7
Polearms       | |  0.7
Staves         | |  0.7
Slings         | |  0.7
Bows           | |  0.7
Throwing       | |  0.7
Armour         | |  2.6
Dodging        | |  0.7
Stealth        | |  0.7
Shields        | |  0.7
Unarmed Combat | |  0.7
Spellcasting   | |  0.7
Conjurations   | |  0.5
Hexes          | |  0.5
Summonings     | |  0.5
Necromancy     | |  0.5
Translocations | |  0.5
Transmutations | |  0.5
Fire Magic     | |  0.5
Ice Magic      | |  0.5
Air Magic      | |  0.5
Earth Magic    | |  0.5
Poison Magic   | |  0.5
Invocations    | |  0.9
Evocations     | |  0.7

Action                   || total
-------------------------++-------
 Fire: Hand crossbow     ||    67
  Use: Scroll            ||     1
       Potion            ||     3
Armor: Leather armour    ||     6
Dodge: Dodged            ||    11

Levels and vault maps discovered:
D:1:      saegor_arrival_simple_e, layout_basic
D:2:      layout_basic, basic_altar, uniq_sigmund

Notes
Turn   | Place    | Note
-------+----------+-------------------------------------------
     0 | D:1      | Reached skill level 10 in Crossbows
     0 | D:1      | spaghetti the Gnoll Wanderer began the quest for the Orb.
     0 | D:1      | spaghetti set off with the following items: a +1 vorpal
                  | hand crossbow {crossbow}, a +0 hand axe {axe}, a scroll of
                  | summoning, a +0 leather armour
     0 | D:1      | Reached XP level 1. HP: 20/20 MP: 1/1
     0 | D:1      | magus.rc [v1.9.6]
   172 | D:1      | Reached XP level 2. HP: 26/26 MP: 2/2
   218 | D:1      | You pick up a book of Spatial Translocations and begin
                  | reading...
   218 | D:1      | You add the spells Blink, Lesser Beckoning and Manifold
                  | Assault to your library.
  1016 | D:2      | Reached XP level 3. HP: 31/31 MP: 3/3
  1116 | D:2      | Noticed Sigmund
  1128 | D:2      | HP: 7/31 [giant cockroach (2)]
  1129 | D:2      | Slain by Sigmund

Vanquished Creatures
  A worm (D:2)
  2 dart slugs (D:1)
  A ball python (D:1)
  2 endoplasms
  4 giant cockroaches
  2 hobgoblins
  A quokka (D:1)
  3 bats
  3 frilled lizards
  4 kobolds
  2 rats
25 creatures vanquished.

Table legend:
 A = Non-vault XP
 B = Vault XP
 C = Vault XP percentage of total XP
 D = Non-vault monster count
 E = Vault monster count
 F = Vault count percentage of total count
                 A         B        C        D         E       F
            +---------+---------+-------+---------+---------+-------
      Total |      48 |       0 |   0.0 |      25 |       0 |   0.0
            +---------+---------+-------+---------+---------+-------
        D:1 |      28 |       0 |   0.0 |      14 |       0 |   0.0
        D:2 |      20 |       0 |   0.0 |      11 |       0 |   0.0
            +---------+---------+-------+---------+---------+-------

Illustrated notes

Table legend:
 A = Kills in this place as a percentage of kills in entire the game.
 B = Kills by you in this place as a percentage of kills by you in the entire game.
 C = Kills by friends in this place as a percentage of kills by friends in the entire game.
 D = Other kills in this place as a percentage of other kills in the entire game.
 E = Experience gained in this place as a percentage of experience gained in the entire game.
 F = Experience gained in this place divided by the number of levels of this place that you have seen.
                   A       B       C       D       E      F
               +-------+-------+-------+-------+-------+----------------------
         Total | 100.0 | 100.0 |   N/A |   N/A | 100.0 |  24.0
       Dungeon | 100.0 | 100.0 |   N/A |   N/A | 100.0 |  24.0
               +-------+-------+-------+-------+-------+----------------------

Table legend: (Time is in decaauts)
 A = Elapsed time spent in this place.
 B = Non-inter-level travel time spent in this place.
 C = Inter-level travel time spent in this place.
 D = Time resting spent in this place.
 E = Time spent auto-exploring this place.
 F = Levels seen in this place.
 G = Mean time per level.
                   A        B        C        D        E       F      G
               +--------+--------+--------+--------+--------+-----+--------+
         Total |   1131 |   1091 |     40 |      0 |    969 |   2 |  565.5 |
       Dungeon |   1131 |   1091 |     40 |      0 |    969 |   2 |  565.5 |
               +--------+--------+--------+--------+--------+-----+--------+

Top non-repeatable levels by time:
     D:1: 961 daAuts
     D:2: 170 daAuts
